 Dungeon Crawl Stone Soup version 0.30-a0-1016-gfb0d676c02 (webtiles) character file.

Game seed: 6222239492746936188

1747 senseless the Insei (level 8, -4/61 HPs)
             Began as a Demonspawn Transmuter on Apr 6, 2023.
             Was a Follower of Okawaru.
             Slain by an orc wizard
             ... wielding a +1 glaive of venom
              (8 damage)
             ... on level 6 of the Dungeon.
             The game lasted 00:19:45 (5874 turns).

senseless the Insei (Demonspawn Transmuter)         Turns: 5874, Time: 00:19:46

Health: -4/61      AC:  9    Str: 13    XL:     8   Next: 78%
Magic:  15/15      EV: 15    Int: 14    God:    Okawaru [*.....]
Gold:   304        SH:  0    Dex: 20    Spells: 10/16 levels left

rFire   . . .      SeeInvis .      - Unarmed
rCold   . . .      Faith    .    (no shield)
rNeg    . . .      Spirit   .    e - +3 robe of Foynaoku {Rampage}
rPois   .          Reflect  .    w - melded +2 helmet
rElec   .          Rampage  +    k - +0 cloak
rCorr   .                        (no gloves)
Will    .....                    (boots currently unavailable)
Stlth   ++                       (no amulet)
HPRegen 0.00/turn                r - ring of wizardry
MPRegen 0.14/turn                a - +6 ring of dexterity

@: mighty, lethally poisoned (-4 -> -11), appendages, inhibited regen
A: horns 2, talons 2, thin metallic scales 2, (demonic guardian 2), powered by
death 1, weakness stinger 1, inhibited regeneration
a: End Transformation, Renounce Religion, Heroism


You were on level 6 of the Dungeon.
You worshipped Okawaru.
Okawaru was aware of your devotion.
You had temporarily grown beastly horns and talons.
You visited 2 branches of the dungeon, and saw 7 of its levels.

You collected 304 gold pieces.

Inventory:

Hand Weapons
 i - a +3 war axe
 u - a +3 dagger of venom
Armour
 e - the +3 robe of Foynaoku (worn) {Rampage}
   (You found it on level 3 of the Dungeon)

   Rampage:   It bestows one free step when moving towards enemies.
 f - a +3 leather armour of poison resistance
 g - a +0 buckler
 k - a +0 cloak (worn)
 m - a +0 pair of boots
 v - a +2 animal skin
 w - a +2 helmet (melded)
Jewellery
 a - a +6 ring of dexterity (right hand)
 r - a ring of wizardry (left hand)
Scrolls
 d - a scroll of poison
 p - a scroll of fear
Potions
 b - 2 potions of lignification
 c - 3 potions of invisibility
 h - 2 potions of resistance
 j - a potion of attraction {unknown}
 o - a potion of might
 q - 2 potions of brilliance {unknown}
 t - 2 potions of magic


   Skills:
 + Level 4.9 Fighting
 + Level 4.9 Dodging
 - Level 1.1 Shields
 + Level 5.2 Unarmed Combat
 + Level 4.9 Spellcasting
 + Level 4.9 Transmutations


You had 10 spell levels left.
You knew the following spells:

 Your Spells              Type           Power      Damage    Failure   Level
a - Beastly Appendage     Tmut           34%        N/A       1%          1
b - Wereblood             Tmut           17%        N/A       1%          2
c - Spider Form           Tmut/Pois      10%        N/A       8%          3

Your spell library contained the following spells:

 Spells                   Type           Power      Damage    Failure   Level
 Sting                    Tmut/Pois      40%        1d5       2%          1
 Freeze                   Ice            12%        1d3       8%          1
 Poisonous Vapours        Pois/Air       6%         N/A       11%         2
 Frozen Ramparts          Ice            6%         1d1       21%         3
 Hailstorm                Conj/Ice       3%         3d3       21%         3
 Portal Projectile        Hex/Tloc       6%         N/A       21%         3
 Ice Form                 Ice/Tmut       10%        N/A       26%         4
 Blade Hands              Tmut           8%         N/A       26%         5
 Olgreb's Toxic Radiance  Pois           3%         N/A       54%         4
 Tukima's Dance           Hex            Unusable   N/A       N/A         3

Dungeon Overview and Level Annotations

Branches:
Dungeon (6/15)             Temple (1/1) D:5

Altars:
Ashenzari
Fedhas
Gozag
Okawaru

Shops:
D:4 *


Innate Abilities, Weirdness & Mutations

You have temporarily grown beastly horns and talons.
You are mostly covered in thin metallic scales. (AC +3)
((A demonic guardian rushes to your aid.))
You regenerate a little health from kills.
You have a small tail.
You do not regenerate when monsters are visible.


Message History

You are more poisoned.
You hit something. You claw something!
You feel a bit better. Okawaru accepts your kill.
Reactivating autopickup.
You feel a bit more experienced.
You feel very sick. The bullfrog closely misses you.
The bullfrog barely misses you.
You hit the sleepcap but do no damage. You claw the sleepcap.
You feel a bit better.
You destroy the sleepcap!
Okawaru accepts your kill.
You feel sick. Something hits you but does no damage.
Deactivating autopickup; reactivate with Ctrl-A.
The bullfrog hits you.
You punch the bullfrog! You tail-slap the bullfrog!
You feel a bit better.
You kill the bullfrog!
Okawaru accepts your kill.
You feel sick.
The ufetubus hits you but does no damage.
The ufetubus misses you. Something hits you.
You are more poisoned.
The ufetubus closely misses you. x2
You hit the ufetubus. You claw the ufetubus.
You feel a bit better.
You kill the ufetubus!
Okawaru accepts your kill.
You feel very sick. Something hits you but does no damage.
Your primal bloodlust has ended.
You feel very sick. Something hits you but does no damage.
You see here a scorpion corpse.
You hit something but do no damage. You claw something.
You feel sick.
You hear some strange, mumbled words.
A puff of flame appears from out of thin air!
The puff of flame hits you!
* * * LOW HITPOINT WARNING * * *
You feel very mighty all of a sudden.
* * * LOW HITPOINT WARNING * * *
You feel sick. Something hits you!
You die...

.#
#..####......#..
)# #.#.##. ###
#..# #..##..#
### #.#.##>
#<###..#
#..##..# ..#
#.#..<. .......#
#......#.#.#
#.####. ....##.#
#......#..
#####.###..
.....#.#
##'######
#..........
....##.#
#.....#Ss
#########..
...###.#
#..)..#.. ####
##. #.## #.#
#..#)@# #..# ##
#.# #.#
#.....{s...##.#
# #.# #.#
#.....#######.#
# #.# #.#
####### #.# #
..# #.# #.# #
..# #.# #.# #
..####.# #.#
###### .......#
###.###.....
.####..#
#....##.####


You could see a scorpion.

Vanquished Creatures
  Duvessa (D:6)
  2 ice beasts (D:6)
  A black bear (D:6)
  3 ogres
  A bullfrog (D:6)
  3 scorpions
  Dowan (D:6)
  2 jellies
  2 hounds
  2 orc priests
  3 iguanas
  3 sleepcaps
  An orc wizard (D:6)
  9 adders
  A white imp (D:6)
  3 ufetubi (D:6)
  2 worms
  2 dart slugs
  13 orcs
  2 ball pythons
  6 endoplasms
  3 giant cockroaches
  11 goblins
  9 hobgoblins
  4 kobolds
  5 quokkas
  7 bats
  2 frilled lizards (D:1)
  4 rats
108 creatures vanquished.

Vanquished Creatures (collateral kills)
  Menkaure (D:5)
  A water moccasin (D:3)
  Terence (D:2)
  Robin (D:2)
  An orc (D:4)
  4 goblins (D:2)
  2 jackals (D:5)
11 creatures vanquished.

Grand Total: 119 creatures vanquished

Notes
Turn   | Place    | Note
-------+----------+-------------------------------------------
     0 | D:1      | senseless the Demonspawn Transmuter began the quest for the
                  | Orb.
     0 | D:1      | Reached XP level 1. HP: 15/15 MP: 3/3
   257 | D:1      | Gained mutation: A weak demonic guardian rushes to your
                  | aid. [demonic ancestry]
   257 | D:1      | Reached XP level 2. HP: 18/21 MP: 1/5
  1259 | D:2      | Learned a level 2 spell: Wereblood
  1287 | D:2      | Gained mutation: A demonic guardian rushes to your aid.
                  | [demonic ancestry]
  1287 | D:2      | Reached XP level 3. HP: 26/26 MP: 3/6
  1298 | D:2      | Reached skill level 3 in Unarmed Combat
  1440 | D:2      | Noticed Terence
  1452 | D:2      | Killed Terence
  1594 | D:2      | Gained mutation: You are partially covered in thin metallic
                  | scales. (AC +2) [demonic ancestry]
  1594 | D:2      | Reached XP level 4. HP: 30/32 MP: 4/7
  1649 | D:2      | Reached skill level 1 in Shields
  1670 | D:2      | Noticed Robin
  1679 | D:2      | Killed Robin
  1812 | D:2      | Found a faded altar of an unknown god.
  2054 | D:2      | Gained mutation: You do not regenerate when monsters are
                  | visible. [potion of mutation]
  2095 | D:2      | Learned a level 3 spell: Spider Form
  2098 | D:3      | Noticed a water moccasin
  2108 | D:3      | Killed a water moccasin
  2109 | D:3      | Reached XP level 5. HP: 11/39 MP: 5/9
  2379 | D:3      | Identified the +3 robe of Foynaoku {Rampage}
  2435 | D:3      | Gained mutation: You have a small tail. [demonic ancestry]
  2435 | D:3      | Reached XP level 6. HP: 46/46 MP: 7/10
  3099 | D:4      | Found Welot's Lightly-Used Armoury.
  3556 | D:5      | Entered Level 5 of the Dungeon
  3597 | D:5      | Gained mutation: You regenerate a little health from kills.
                  | [demonic ancestry]
  3597 | D:5      | Reached XP level 7. HP: 22/52 MP: 9/12
  3731 | D:5      | Found an opulent altar of Gozag.
  3738 | D:5      | Found a blossoming altar of Fedhas.
  3845 | D:5      | Found a broken altar of Ashenzari.
  3894 | D:5      | Reached skill level 4 in Unarmed Combat
  3961 | D:5      | Noticed Menkaure
  3971 | D:5      | Killed Menkaure
  4274 | D:5      | Found a staircase to the Ecumenical Temple.
  4708 | Temple   | Entered the Ecumenical Temple
  4714 | Temple   | Became a worshipper of Warmaster Okawaru
  4819 | D:6      | Gained mutation: You are mostly covered in thin metallic
                  | scales. (AC +3) [demonic ancestry]
  4819 | D:6      | Reached XP level 8. HP: 20/60 MP: 12/14
  5189 | D:6      | Noticed Duvessa
  5202 | D:6      | Noticed Dowan
  5207 | D:6      | Killed Duvessa
  5233 | D:6      | Killed Dowan
  5821 | D:6      | Reached * piety under Okawaru
  5838 | D:6      | Reached skill level 5 in Unarmed Combat
  5874 | D:6      | Slain by an orc wizard

Illustrated notes

Levels and vault maps discovered:
D:1:      dpeg_arrival_chambers_temple_mockup, layout_basic, minivault_19,
          st_stairs_14, minmay_pentomino_s4
D:2:      layout_basic, shapermc_ecumenical_altar_notcrosses,
          reono_crystal_passage, uniq_robin, uniq_terence
D:3:      layout_basic
D:4:      layout_cave_pools, minmay_shop_damaged
D:5:      layout_basic, overflow_temple_1_default,
          mainiacjoe_overflow_large_starburst, temple_statues,
          grunt_decor_clamped, nicolae_elevator_lobby_asterisk, uniq_menkaure
D:6:      minmay_clustersquares, layout_loops_ring, uniq_duvessa
Temple:   bh_familiar_temple

Skill      XL: |  1  2  3  4  5  6  7  8 |
---------------+-------------------------+-----
Transmutations | 2 3 4 |  4.9
Dodging        | 2 3 4 |  4.9
Unarmed Combat | 3 4 5 |  5.2
Shields        | 1 |  1.1
Fighting       | 2 3 4 |  4.9
Spellcasting   | 3 4 |  4.9

Action                     |  1- 3 |  4- 6 |  7- 9 || total
---------------------------+-------+-------+-------++-------
  Melee: Unarmed           |    87 |   142 |   153 ||   382
         Kick              |    12 |    39 |    48 ||    99
         Headbutt          |    12 |    19 |    34 ||    65
         Tailslap          |       |     8 |    26 ||    34
         Punch             |       |     4 |    10 ||    14
   Cast: Beastly Appendage |    21 |    24 |    24 ||    69
         Wereblood         |     2 |     7 |     3 ||    12
    Use: Scroll            |       |    15 |     2 ||    17
         Potion            |       |     2 |     3 ||     5
   Stab: Sleeping          |     1 |     2 |     2 ||     5
 Armour: Robe              |    11 |    34 |    73 ||   118
         Animal skin       |       |    11 |       ||    11
  Dodge: Dodged            |    55 |    83 |   109 ||   247
  Block: Buckler           |     5 |     7 |       ||    12

Table legend: (Time is in decaauts)
 A = Elapsed time spent in this place.
 B = Non-inter-level travel time spent in this place.
 C = Inter-level travel time spent in this place.
 D = Time resting spent in this place.
 E = Time spent auto-exploring this place.
 F = Levels seen in this place.
 G = Mean time per level.
                   A        B        C        D        E       F      G
               +--------+--------+--------+--------+--------+-----+--------+
         Total |   5851 |   5351 |    500 |    292 |   4112 |   7 |  835.9 |
       Dungeon |   5839 |   5343 |    496 |    292 |   4110 |   6 |  973.2 |
        Temple |     11 |      7 |      4 |      0 |      2 |   1 |   11.0 |
               +--------+--------+--------+--------+--------+-----+--------+

Top non-repeatable levels by time:
     D:1: 1253 daAuts
     D:6: 1125 daAuts
     D:5: 1038 daAuts
     D:2: 841 daAuts
     D:4: 824 daAuts
     D:3: 756 daAuts
  Temple: 11 daAuts
